[Event "Late-Titled-Tuesday-Blitz-February-06-2024"]
[Site "Chess.com"]
[Date "2024.02.06"]
[Round "3"]
[White "subham777"]
[Black "bipe137"]
[Result "0-1"]
[WhiteElo "2523"]
[BlackElo "2587"]
[TimeControl "180+1"]
[EndTime "14:28:32 PST"]
[Termination "bipe137 won on time"]

1. e4 c5 2. Nf3 e6 3. g3 Nc6 4.
Bg2 Nf6 5. d3 d5 6. exd5 Nxd5 7.
O-O b6 8. Re1 Bb7 9. h4 Be7 10.
Nbd2 O-O 11. Nf1 Rc8 12. N1h2 Nd4 13. a3 Qc7 14. c4 Nf6 15. Nxd4 cxd4 16. Bf4 Qd7 17.
Be5 Bxg2 18. Kxg2 Rfd8 19. Nf3 Qb7 20. Kg1 Ng4 21. Bxd4 h5 22. Bc3 Rxc4 23. Ne5 Bc5 24.
Nxg4 Rxg4 25. d4 Bxd4 26. Bxd4 Rdxd4 27. Qb3 Qd5 28. Qxd5 Rxd5 29. Re2 Rc4 30. Kg2 Kf8 31. Rae1 Ke7 32. Kg1 Rd3 33. Kg2 a5 34. Rb1 a4 35.
Rbe1 Rb3 36. Rd2 b5 37. Red1 Rc7 38. Re1 b4 39. axb4 Rxb4 40. Re3 Rcb7 41. Ra3 f6 42. Re2 g5 43. hxg5 fxg5 44. Rae3 R7b6 45. Ra3 Kf6 46. Rd2 h4 47. gxh4 gxh4 0-1

[Event "Late-Titled-Tuesday-Blitz-February-06-2024"]
[Site "Chess.com"]
[Date "2024.02.06"]
[Round "3"]
[White "Viktor_Poddubnyi"]
[Black "nindjaxx8"]
[Result "0-1"]
[WhiteElo "2274"]
[BlackElo "2562"]
[TimeControl "180+1"]
[EndTime "14:28:32 PST"]
[Termination "nindjaxx8 won on time"]

1. e4 e6 2. d4 d5 3. Nd2 c5 4. exd5 Qxd5 5. Ngf3 cxd4 6. Bc4 Qd6 7.
O-O Nf6 8. Nb3 Nc6 9. Nbxd4 Nxd4 10. Qxd4 Qxd4 11. Nxd4 a6 12. Be2 Bc5 13. Nb3 Bb6 14. Bf3 O-O 15. Bf4 a5 16. Rfd1 a4 17. Nd4 a3 18. b3 Re8 19. Be5 Nd7 20.
Bd6 e5 21. Nb5 e4 22. Be2 Nf6 23.
Nc7 Bxc7 24. Bxc7 Bg4 25. Bxg4 Nxg4 26. Rd4 Rac8 27. Rc4 b5 28. Rc5 e3 29. fxe3 Rxe3 30. Rd1 h6 31. h3 Nf6 32. Kf2 Re7 33. Rd8+ Rxd8 34. Bxd8 Ne4+ 35. Kf3 Re8 36. Rd5 Nc3 37. Rd7 Nxa2 38. Be7 b4 39. Bc5 Rc8 0-1

[Event "Late-Titled-Tuesday-Blitz-February-06-2024"]
[Site "Chess.com"]
[Date "2024.02.06"]
[Round "3"]
[White "DonMicheleCorleone"]
[Black "mac0504"]
[Result "1/2-1/2"]
[WhiteElo "2494"]
[BlackElo "2710"]
[TimeControl "180+1"]
[EndTime "14:28:34 PST"]
[Termination "Game drawn by stalemate"]

1. e4 Nc6 2. Nf3 d6 3. Nc3 Nf6 4. d4 g6 5. Bb5 Bd7 6. d5 Nb8 7. Bc4 Bg7 8. O-O O-O 9. h3 e5 10. dxe6 Bxe6 11. Bxe6 fxe6 12. e5 dxe5 13. Nxe5 Nbd7 14.
Nxd7 Nxd7 15. Re1 Qf6 16. Ne4 Qf7 17. Bg5 Nc5 18. Bh4 Nxe4 19. Rxe4 Bxb2 20. Rb1 Bf6 21. Rf4 Qe7 22. Bxf6 Rxf6 23. Rxf6 Qxf6 24. Rxb7 Rd8 25. Qe2 Qa1+ 26. Kh2 Qxa2 27. Rxc7 Qd5 28. Rxa7 Qd6+ 29. g3 Rf8 30. Kg1 Qb6 31. Re7 Rf6 32. Qd2 Rf3 33.
Re8+ Kg7 34. Re7+ Kf6 35. Rxh7 Rxg3+ 36. Kh2 Rf3 37. Kg2 Rf5 38. Qc3+ e5 39. Qe3 Qc6+ 40. Kh2 Rg5 41. Rf7+ Kxf7 42. Qxg5 Qxc2 43. Qxe5 Qxf2+ 44. Kh1 Qf3+ 45. Kh2 Qf2+ 46. Kh1 Qh4 47. Kh2 g5 48. Qf5+ Kg7 49. Qe5+ Kg6 50. Qe6+ Kg7 51. Qe7+ Kg8 52. Qe8+ Kg7 53. Qe3 Kg6 54. Qd3+ Kf6 55. Qf3+ Ke5 56. Qg3+ Kf5 57. Qxh4 gxh4 58. Kg2 Ke4 59. Kh2 Kf3 60. Kh1 Kg3 61. Kg1 Kxh3 62. Kh1 Kg4 63. Kg1 h3 64. Kh1 Kg3 65. Kg1 h2+ 66. Kh1 Kh3 1/2-1/2

[Event "Late-Titled-Tuesday-Blitz-February-06-2024"]
[Site "Chess.com"]
[Date "2024.02.06"]
[Round "3"]
[White "Orest_Vovk"]
[Black "N_I_Chess"]
[Result "1-0"]
[WhiteElo "2582"]
[BlackElo "2341"]
[TimeControl "180+1"]
[EndTime "14:28:35 PST"]
[Termination "Orest_Vovk won on time"]

1. h4 d5 2. h5 h6 3. e4 dxe4 4. Nc3 Nf6 5. Qe2 Bf5 6. Qb5+ Bd7 7. Qxb7 Nc6 8. Bb5 Rb8 9. Qxc6 Bxc6 10. Bxc6+ Nd7 11.
Nxe4 Rb6 12. Ba4 e5 13. Nf3 Rb4 14. Nc3 Bd6 15. d3 O-O 16. a3 Rg4 17. g3 Nc5 18. Bc6 Qf6 19. Nd5 Qd8 20. Ne3 Ra4 21. Bxa4 Nxa4 22. Nc4 Nc5 23. Be3 Qf6 24. Nfd2 e4 25.
Bxc5 Bxc5 26. Nxe4 Qe7 27. O-O-O f5 28. Nxc5 Qxc5 29. Rd2 Re8 30. Kb1 Qd4 31. Rh4 1-0

[Event "Late-Titled-Tuesday-Blitz-February-06-2024"]
[Site "Chess.com"]
[Date "2024.02.06"]
[Round "3"]
[White "VladimirKramnik"]
[Black "YurasovMat-2012"]
[Result "1-0"]
[WhiteElo "2927"]
[BlackElo "2678"]
[TimeControl "180+1"]
[EndTime "14:28:36 PST"]
[Termination "VladimirKramnik won by resignation"]

1. e4 e5 2. Nf3 Nf6 3. d3 Nc6 4. g3 d5 5. exd5 Nxd5 6. Bg2 Be7 7. O-O O-O 8. Re1 f6 9. c3 Nb6 10. a4 a5 11. d4 exd4 12. Nxd4 Nxd4 13. cxd4 Bb4 14. Nc3 c6 15. Qb3+ Kh8 16. Be3 Re8 17. d5 c5 18. Bf4 Rxe1+ 19. Rxe1 Bf5 20. d6 Bg6 21. Re7 Nd7 22. Qe6 Nf8 23. Qd5 Rb8 24. h4 Nd7 25. h5 Be8 26. h6 g5 27. Be4 Nf8 28. Qxg5 fxg5 29. Be5+ Kg8 30. Rg7+ Kh8 31. Rxg5+ 1-0

[Event "Late-Titled-Tuesday-Blitz-February-06-2024"]
[Site "Chess.com"]
[Date "2024.02.06"]
[Round "3"]
[White "martinmena"]
[Black "TheAlienParty"]
[Result "0-1"]
[WhiteElo "2156"]
[BlackElo "2384"]
[TimeControl "180+1"]
[EndTime "14:28:39 PST"]
[Termination "TheAlienParty won by resignation"]

1. c4 e5 2. g3 f5 3. Bg2 Nf6 4. Nc3 d6 5. e3 c6 6. Nge2 Be7 7. O-O O-O 8. d4 Qe8 9. d5 Qh5 10. b3 c5 11. Bb2 Ng4 12. h3 Nf6 13. f4 Qh6 14.
Nb5 Nbd7 15. Nc7 Rb8 16. Ne6 Rf7 17. Ng5 Rf8 18. Ne6 Re8 19. Nc3 e4 20. Nb5 Nf8 21. Nxf8 Bxf8 22. Nxa7 Bd7 23. a4 Nh5 24. Kf2 g5 25. Qe1 gxf4 26. gxf4 Kf7 27. Ke2 Be7 28. Rg1 Rg8 29. Qf2 Ng3+ 30. Kd2 Bh4 31. Kc2 Ke7 32. Qe2 Nxe2 0-1

[Event "Late-Titled-Tuesday-Blitz-February-06-2024"]
[Site "Chess.com"]
[Date "2024.02.06"]
[Round "3"]
[White "BogdanDeac"]
[Black "The_Machine04"]
[Result "1-0"]
[WhiteElo "2998"]
[BlackElo "2724"]
[TimeControl "180+1"]
[EndTime "14:28:40 PST"]
[Termination "BogdanDeac won by checkmate"]

1. d4 d6 2. Nf3 Nf6 3. Nc3 Nbd7 4. e4 e5 5. Rg1 c6 6. a4 h6 7. g4 exd4 8. Nxd4 Ne5 9. h3 d5 10. exd5 Nxd5 11. Qe2 Bd6 12. Nxd5 cxd5 13. f4 O-O 14. fxe5 Bxe5 15. Qxe5 Re8 16. Qxe8+ Qxe8+ 17. Kf2 Qe5 18. Be3 Bd7 19. Rg3 Re8 20. Bd3 a6 21. c3 Qf6+ 22. Rf3 Qh4+ 23. Kg2 g6 24. Raf1 Rf8 25. Bxg6 Kg7 26.
Nf5+ Bxf5 27. Bxf5 f6 28. Bd4 Qg5 29. Bd3 Qd2+ 30.
R1f2 Qc1 31. Bxf6+ Kg8 32. Bg5 hxg5 33. Rxf8+ Kg7 34.
R2f7+ Kh6 35. Rh8# 1-0

[Event "Late-Titled-Tuesday-Blitz-February-06-2024"]
[Site "Chess.com"]
[Date "2024.02.06"]
[Round "3"]
[White "NoHeThTo"]
[Black "pr1105"]
[Result "1-0"]
[WhiteElo "2617"]
[BlackElo "2415"]
[TimeControl "180+1"]
[EndTime "14:28:41 PST"]
[Termination "NoHeThTo won by resignation"]

1. d4 Nf6 2. Nc3 d5 3. Bf4 c5 4. e4 Nxe4 5. Nxe4 dxe4 6. dxc5 Qxd1+ 7. Rxd1 Nc6 8. Bb5 f6 9. Ne2 e5 10. Be3 Be6 11. a3 Rd8 12. O-O a6 13. Ba4 Be7 14. Nc3 f5 15. b4 Kf7 16. g3 Nd4 17. Bxd4 exd4 18. Ne2 Bc4 19. Nxd4 Bxf1 20. Kxf1 Bf6 21. Bb3+ Kg6 22. c3 Rhe8 23. Ke2 Be5 24. Ke3 Kf6 25.
h4 g6 26. Bc4 h6 27. Rh1 Rh8 28. Bb3 g5 29. hxg5+ hxg5 30. Rxh8 Rxh8 31. Bd5 Rh1 32. Bxb7 a5 33. bxa5 Ra1 34. Nb5 Ra2 35. a6 Bb8 36. c6 Ke6 37. c7 Bxc7 38. Nxc7+ Kd7 39. a7 Rxa3 40. a8=Q 1-0

[Event "Late-Titled-Tuesday-Blitz-February-06-2024"]
[Site "Chess.com"]
[Date "2024.02.06"]
[Round "3"]
[White "Durarbayli"]
[Black "GMG"]
[Result "1-0"]
[WhiteElo "2914"]
[BlackElo "2677"]
[TimeControl "180+1"]
[EndTime "14:28:43 PST"]
[Termination "Durarbayli won by resignation"]

1. e4 c5 2. Nf3 Nc6 3. Bb5 e6 4. O-O Nge7 5. c3 a6 6. Ba4 b5 7. Bc2 d5 8. a4 b4 9. e5 c4 10. b3 a5 11. d4 Ba6 12. Re1 Rb8 13. Bg5 Qb6 14. bxc4 dxc4 15. cxb4 axb4 16. a5 Qb7 17.
Bxe7 Bxe7 18. d5 exd5 19. Qxd5 Qb5 20. Qe4 g6 21. Ba4 O-O 22. Bxb5 Bxb5 23. Nbd2 c3 24. Nb3 Rfc8 25. a6 Ra8 26. e6 f6 27. Qd5 Bxa6 28.
Qd7 Ra7 29. Rxa6 1-0

[Event "Late-Titled-Tuesday-Blitz-February-06-2024"]
[Site "Chess.com"]
[Date "2024.02.06"]
[Round "3"]
[White "Hrant_ChessMood"]
[Black "Rawnsdale"]
[Result "1-0"]
[WhiteElo "2932"]
[BlackElo "2516"]
[TimeControl "180+1"]
[EndTime "14:28:44 PST"]
[Termination "Hrant_ChessMood won by resignation"]

1. Nf3 d5 2. d4 e6 3. c4 Be7 4.
Bf4 Nf6 5. e3 O-O 6. Nbd2 c5 7.
dxc5 Bxc5 8. Rc1 Bd6 9. Bg5 Be7 10. Bd3 h6 11. Bh4 Nc6 12. O-O dxc4 13. Nxc4 Nd5 14. Bg3 Bd7 15. Qe2 Rc8 16. Rfd1 b5 17. Nce5 Nxe5 18. Nxe5 Rxc1 19. Rxc1 a6 20. h3 Bf6 21. Be4 Ne7 22. Rd1 Bxe5 23. Bxe5 Qc8 24. Bb1 Bc6 25.
Qc2 Ng6 26. Bg3 Qb7 27. f3 Rc8 28. Qd2 Nf8 29. Kh2 b4 30. Rc1 a5 31. Rc5 Qb6 32. Qd6 Nd7 33. Rc1 Bb7 34. Qxd7 Rd8 35. Qc7 1-0

[Event "Late-Titled-Tuesday-Blitz-February-06-2024"]
[Site "Chess.com"]
[Date "2024.02.06"]
[Round "3"]
[White "jsdbv18"]
[Black "Eloist"]
[Result "0-1"]
[WhiteElo "2610"]
[BlackElo "2442"]
[TimeControl "180+1"]
[EndTime "14:28:44 PST"]
[Termination "Eloist won by resignation"]

1. Nf3 Nf6 2. e3 b6 3. b4 Bb7 4.
Bb2 e6 5. a3 Be7 6. c4 O-O 7.
Be2 c5 8. bxc5 bxc5 9. O-O Nc6 10. d3 Rb8 11. Nbd2 d5 12. Qc2 d4 13. e4 e5 14. Ne1 Ne8 15. g3 Nd6 16. Ng2 Bc8 17. Rab1 f5 18. exf5 Bxf5 19. Bf3 Qd7 20. Bd5+ Kh8 21. f4 Bf6 22. Ne4 Nxe4 23. dxe4 Be6 24. f5 Bxd5 25. cxd5 Na5 26. Qxc5 Nb3 27. Qc2 Rfc8 28.
Qe2 Qb5 29. Qxb5 Rxb5 30. Bc1 a6 31. g4 Nc5 32. Rxb5 axb5 33. g5 Be7 34. Re1 Nd3 35.
Rf1 Rxc1 36. h4 Rxf1+ 37. Kxf1 Nc5 38. Ne1 Nxe4 39. Nd3 Bd6 40. h5 Nc3 41. f6 gxf6 42. gxf6 Kg8 43. Nxe5 Bxe5 0-1

[Event "Late-Titled-Tuesday-Blitz-February-06-2024"]
[Site "Chess.com"]
[Date "2024.02.06"]
[Round "3"]
[White "GMWSO"]
[Black "LikeWater"]
[Result "1-0"]
[WhiteElo "3084"]
[BlackElo "2789"]
[TimeControl "180+1"]
[EndTime "14:28:45 PST"]
[Termination "GMWSO won by resignation"]

1. d4 e6 2. e4 d5 3. Nc3 Nf6 4. e5 Nfd7 5. f4 c5 6. Nf3 Nc6 7. Be3 Be7 8. Qd2 O-O 9. dxc5 Qa5 10. a3 Nxc5 11. Nd4 Qc7 12. b4 Nd7 13. Bd3 Nb6 14. O-O f6 15. Ncb5 Qd8 16. exf6 Bxf6 17. Rae1 Bd7 18. c3 Ne7 19. Bf2 a6 20. Nxe6 Bxe6 21.
Rxe6 Nc6 22. Rd6 Qc8 23. Bxb6 axb5 24. Bxb5 Ne7 25. Bc5 Rxa3 26. Rxf6 Rxf6 27. Bxe7 Rf7 28. Qxd5 Rxc3 29. Bc5 b6 30. Re1 1-0

[Event "Late-Titled-Tuesday-Blitz-February-06-2024"]
[Site "Chess.com"]
[Date "2024.02.06"]
[Round "3"]
[White "EsmeraldasAnderson03"]
[Black "JaackCamel"]
[Result "1-0"]
[WhiteElo "2407"]
[BlackElo "2185"]
[TimeControl "180+1"]
[EndTime "14:28:45 PST"]
[Termination "EsmeraldasAnderson03 won on time"]

1. d4 d5 2. c4 e6 3. cxd5 exd5 4. Nc3 c6 5. Nf3 Bf5 6. e3 Nf6 7. Bd3 Bxd3 8. Qxd3 Be7 9. O-O O-O 10. Rb1 a5 11. a3 Nbd7 12. b4 b5 13. e4 dxe4 14. Nxe4 Nd5 15. Neg5 N7f6 16. Ne5 Qc7 17. Bd2 h6 18.
Ngf3 a4 19. Rbc1 Ra6 20. Nh4 Bd6 21. Nf5 Bxe5 22. dxe5 Qxe5 23. Rfe1 Qb2 24. Bxh6 Nh5 25. Bxg7 Ndf4 26. Qf3 Nxg7 27. Ne7+ Kh7 28. Qxf4 c5 29. Rxc5 f5 30. Rc7 Qf6 31. h4 Ne6 32. Rxe6 1-0

[Event "Late-Titled-Tuesday-Blitz-February-06-2024"]
[Site "Chess.com"]
[Date "2024.02.06"]
[Round "3"]
[White "rikchessmx"]
[Black "mr_gustavo"]
[Result "0-1"]
[WhiteElo "2315"]
[BlackElo "2691"]
[TimeControl "180+1"]
[EndTime "14:28:46 PST"]
[Termination "mr_gustavo won by resignation"]

1. e4 e6 2. d4 d5 3. Nc3 dxe4 4. Nxe4 Bd7 5. Nf3 Bc6 6. Ng3 Nd7 7. Bd3 Ngf6 8. Qe2 Be7 9. c3 O-O 10. Bf4 Bxf3 11. Qxf3 c6 12. O-O-O Nd5 13. Bd2 Bg5 14. Ne4 Bxd2+ 15. Rxd2 N7f6 16. g4 Nxe4 17. Qxe4 Nf6 18. Qe2 Qd5 19. Rg1 Qxa2 20. g5 Nd5 21. Bb1 Qa1 22.
Rg3 g6 23. c4 Qa5 24. cxd5 cxd5 25. Ra3 Qc7+ 26. Rc2 Qxh2 27. Qg4 h5 28. gxh6 Qxh6+ 29. f4 Qh1+ 30. Kd2 Qxb1 31. Rac3 Qf1 32. Qh4 Kg7 33.
Qg5 Qf2+ 34. Kd1 Qxd4+ 35. Rd2 Qf6 36. Qg4 Rh8 37. Rc7 Rac8 38. Rxb7 Rh1+ 39. Ke2 Rcc1 40. Kd3 Rcg1 41. Qf3 Rf1 42. Qe3 Qf5+ 43. Kc3 Rh3 0-1

[Event "Late-Titled-Tuesday-Blitz-February-06-2024"]
[Site "Chess.com"]
[Date "2024.02.06"]
[Round "3"]
[White "yobdc"]
[Black "ferdipy"]
[Result "1-0"]
[WhiteElo "2610"]
[BlackElo "2399"]
[TimeControl "180+1"]
[EndTime "14:28:47 PST"]
[Termination "yobdc won on time"]

1. c4 e5 2. Nc3 Nc6 3. g3 g6 4.
Bg2 Bg7 5. Nf3 d6 6. d3 Nge7 7. h4 h6 8. Bd2 Be6 9. Qc1 Qd7 10. a3 f5 11. b4 Nd4 12. Ng1 c6 13. Rb1 c5 14. b5 Bf7 15. e3 Ne6 16. Nge2 g5 17. Nd5 Nxd5 18. Bxd5 Nd8 19. Bg2 O-O 20. hxg5 hxg5 21. Nc3 f4 22. gxf4 exf4 23. Be4 Re8 24. Nd5 Ne6 25. Bc3 Qd8 26. Bxg7 Nxg7 27. Qc3 Re5 28.
Kd2 Bxd5 29. Bxd5+ Rxd5 30. cxd5 fxe3+ 31. fxe3 Qe7 32. Rbf1 Rf8 33. Rxf8+ Kxf8 34. Rf1+ Kg8 35. Qf6 Qxf6 36. Rxf6 1-0

[Event "Late-Titled-Tuesday-Blitz-February-06-2024"]
[Site "Chess.com"]
[Date "2024.02.06"]
[Round "3"]
[White "picturesquecheck"]
[Black "Zallio"]
[Result "1-0"]
[WhiteElo "2398"]
[BlackElo "2123"]
[TimeControl "180+1"]
[EndTime "14:28:48 PST"]
[Termination "picturesquecheck won by resignation"]

1. e4 e6 2. Nc3 d5 3. d4 Bb4 4. exd5 exd5 5. Bd3 Nf6 6. Nf3 Bg4 7. O-O O-O 8. h3 Bh5 9. Bg5 c6 10. g4 Bg6 11. Ne5 Bxd3 12. Qxd3 Bd6 13. f4 h6 14. Bh4 Re8 15. Rae1 Be7 16. Kg2 Nbd7 17. Bg3 Nf8 18. Qf3 N6d7 19. Nd1 Bf6 20. c3 Ng6 21. Nxg6 Rxe1 22.
Rxe1 fxg6 23. Qd3 Nf8 24. Ne3 Bh4 25. Nf1 Qf6 26. Qe3 Bxg3 27. Nxg3 Nd7 28. f5 Rf8 29. Qe6+ Rf7 30. Qxf6 Rxf6 31. fxg6 Rxg6 32. Re7 Nf6 33. Rxb7 h5 34. Rxa7 hxg4 35. h4 Ne8 36. a4 Re6 37. a5 Nd6 38. a6 Nb5 39. Rb7 c5 40. Rxb5 cxd4 41. a7 dxc3 42. a8=Q+ 1-0

[Event "Late-Titled-Tuesday-Blitz-February-06-2024"]
[Site "Chess.com"]
[Date "2024.02.06"]
[Round "3"]
[White "PawnEatingZombie"]
[Black "NovakRatko"]
[Result "1-0"]
[WhiteElo "2197"]
[BlackElo "2390"]
[TimeControl "180+1"]
[EndTime "14:28:48 PST"]
[Termination "PawnEatingZombie won by resignation"]

1. e4 d5 2. exd5 c6 3. d4 cxd5 4.
c3 Nc6 5. Nf3 f6 6. Bb5 Bg4 7. h3 Bh5 8. Qa4 Qd7 9. Nbd2 e6 10.
O-O Bd6 11. Re1 Nge7 12. Bf1 O-O 13. g4 Bf7 14. Bg2 a6 15. Nf1 g5 16. Qd1 Rae8 17. Ng3 Bxg3 18. fxg3 Qd6 19. Kh2 h5 20. gxh5 Bxh5 21. Qd3 Bg6 22. Qe2 Nf5 23. Qf2 Rf7 24. b4 Rh7 25. a4 g4 26. Ng1 gxh3 27.
Nxh3 Ree7 28. b5 Nb8 29. Bf4 e5 30. dxe5 fxe5 31. Bg5 Reg7 32. Rad1 Bh5 33. Rxd5 Qf8 34. Rd8 Be8 35. Bd5+ Kh8 36. Qxf5 Rxh3+ 37. Qxh3+ Rh7 38. Rxe5 Rxh3+ 39. Kxh3 Qf7 40. Bxf7 1-0

[Event "Late-Titled-Tuesday-Blitz-February-06-2024"]
[Site "Chess.com"]
[Date "2024.02.06"]
[Round "3"]
[White "rasmussvane"]
[Black "ukchessbomber"]
[Result "1-0"]
[WhiteElo "2970"]
[BlackElo "2660"]
[TimeControl "180+1"]
[EndTime "14:28:50 PST"]
[Termination "rasmussvane won on time"]

1. Nf3 b6 2. g3 Bb7 3. Bg2 g6 4. O-O Bg7 5. d4 Nf6 6. c4 O-O 7. Re1 e6 8. Bf4 d5 9. cxd5 Nxd5 10. Bg5 Qc8 11. e4 Nf6 12. Nc3 Nbd7 13. Rc1 h6 14. Bf4 g5 15. Bd2 c5 16. dxc5 bxc5 17. e5 Nd5 18.
Nb5 Bc6 19. Nd6 Qb8 20. Nc4 Rc8 21. Bxg5 N7b6 22. Nd6 hxg5 23. Nxg5 Bxe5 24. Qh5 Qc7 25. Ndxf7 1-0

[Event "Late-Titled-Tuesday-Blitz-February-06-2024"]
[Site "Chess.com"]
[Date "2024.02.06"]
[Round "3"]
[White "Atousa"]
[Black "kingofthenil"]
[Result "0-1"]
[WhiteElo "2465"]
[BlackElo "2684"]
[TimeControl "180+1"]
[EndTime "14:28:50 PST"]
[Termination "kingofthenil won on time"]

1. e4 c5 2. Nf3 Nc6 3. d4 cxd4 4. Nxd4 Nf6 5. Nc3 e5 6. Ndb5 d6 7. Bg5 a6 8. Na3 Be6 9. Nc4 Rb8 10. Ne3 Be7 11. Bxf6 Bxf6 12. Ncd5 Bg5 13. c3 O-O 14. Be2 Ne7 15. O-O Ng6 16. g3 Kh8 17. f4 exf4 18. gxf4 Bh6 19. f5 Bxd5 20. Nxd5 Ne5 21. f6 gxf6 22.
Nxf6 Bg5 23. Nd5 Rg8 24. Kh1 Bh6 25. Qe1 Rg6 26. Bh5 Rg5 27. Bxf7 Qd7 28. Qh4 Nxf7 29. Rf6 Rbg8 30. Raf1 Rg4 31. Qh5 R4g5 32. Qxf7 Qg4 33. Qxg8+ Rxg8 34. R6f2 Qxe4+ 35. Rf3 Qxd5 0-1

[Event "Late-Titled-Tuesday-Blitz-February-06-2024"]
[Site "Chess.com"]
[Date "2024.02.06"]
[Round "3"]
[White "Lion_DL"]
[Black "edgarhay012"]
[Result "0-1"]
[WhiteElo "2322"]
[BlackElo "2582"]
[TimeControl "180+1"]
[EndTime "14:28:50 PST"]
[Termination "edgarhay012 won on time"]

1. d4 Nf6 2. c4 e6 3. Nf3 b6 4.
a3 Bb7 5. Nc3 Be7 6. d5 O-O 7.
e4 exd5 8. cxd5 d6 9. Be2 Nbd7 10. O-O Re8 11. Nd4 Bf8 12. f4 Nxe4 13. Nxe4 Rxe4 14. Nf5 g6 15. Ng3 Re8 16. f5 Bg7 17. fxg6 hxg6 18. Bd3 Ne5 19. Bc2 Qh4 20. Rf4 Qe7 21. Ne4 f5 22. Ng3 Ng4 23. Bd2 Ne3 24. Qc1 Nxc2 25.
Qxc2 Bxd5 26. Raf1 Qe5 27. Kh1 Qxb2 28. Qd3 Be6 29.
Rb4 Qe5 30. Ne2 Qd5 31. Qc2 c5 32. Nf4 Qe5 0-1

[Event "Late-Titled-Tuesday-Blitz-February-06-2024"]
[Site "Chess.com"]
[Date "2024.02.06"]
[Round "3"]
[White "manitodeplomo"]
[Black "K_A_S_T_O_R"]
[Result "1-0"]
[WhiteElo "2627"]
[BlackElo "2878"]
[TimeControl "180+1"]
[EndTime "14:28:52 PST"]
[Termination "manitodeplomo won by resignation"]

1. d4 Nf6 2. c4 e6 3. Nf3 c5 4. d5 d6 5. Nc3 exd5 6. cxd5 g6 7. e4 a6 8. Qe2 Bg4 9. e5 Bxf3 10. gxf3 dxe5 11.
Qxe5+ Qe7 12. Qxe7+ Bxe7 13. Bh6 Bf8 14. Bf4 Nh5 15.
Bc7 Nd7 16. O-O-O Bh6+ 17. Kc2 Bf4 18. d6 Nhf6 19. Bh3 Rc8 20. Rhe1+ Kf8 21. Nd5 Nxd5 22. Rxd5 f5 23. Bxf5 Nf6 24. Rxc5 Re8 25. Rxe8+ Kxe8 26. d7+ Ke7 27. Bxf4 gxf5 28. Rc8 Rg8 29. Rxg8 Nxg8 30. Bg5+ Kxd7 31. Kd3 Kd6 32. Kd4 b6 33. a4 b5 34. a5 h6 35. Bf4+ Ke6 36. Kc5 Ne7 37. Bxh6 Nd5 38. Bd2 Ke5 39. h4 Ke6 40. h5 Nf6 41. h6 Kf7 42. Kb6 1-0

[Event "Late-Titled-Tuesday-Blitz-February-06-2024"]
[Site "Chess.com"]
[Date "2024.02.06"]
[Round "3"]
[White "Binary010"]
[Black "masterofpuppets2"]
[Result "1/2-1/2"]
[WhiteElo "2831"]
[BlackElo "2517"]
[TimeControl "180+1"]
[EndTime "14:28:55 PST"]
[Termination "Game drawn by repetition"]

1. b3 d5 2. Bb2 b5 3. e3 a6 4. a4 bxa4 5. Rxa4 Bb7 6. Nf3 Nf6 7. Be2 e6 8. O-O Be7 9. d4 O-O 10. Nbd2 Nbd7 11. Ne5 Nxe5 12. dxe5 Nd7 13. Qa1 Qc8 14. Ra5 Bb4 15. Nf3 Bxa5 16. Qxa5 c5 17. Qa4 Qc6 18. Qh4 a5 19. Bd3 h6 20. Ra1 Ba6 21.
Bxa6 Rxa6 22. Ra4 Nb6 23. Rg4 Kh8 24. e4 dxe4 25. Rxg7 Kxg7 26. Bc1 Rh8 27. Qf6+ Kg8 28. Qd8+ Kh7 29. Qf6 Kg8 30. Qd8+ Kg7 31. Qf6+ Kg8 1/2-1/2

[Event "Late-Titled-Tuesday-Blitz-February-06-2024"]
[Site "Chess.com"]
[Date "2024.02.06"]
[Round "3"]
[White "gahryman"]
[Black "Harsha_Bharathakoti"]
[Result "0-1"]
[WhiteElo "2677"]
[BlackElo "2913"]
[TimeControl "180+1"]
[EndTime "14:28:57 PST"]
[Termination "Harsha_Bharathakoti won on time"]

1. e4 c5 2. Nc3 e6 3. f4 d5 4. Nf3 Nc6 5. Bb5 Ne7 6. O-O a6 7. Bxc6+ Nxc6 8. d3 Be7 9. Kh1 O-O 10. Ne5 Qd6 11.
Nxc6 Qxc6 12. Qe2 dxe4 13. dxe4 b5 14. f5 exf5 15. exf5 Re8 16. Qg4 Bb7 17. Bf4 Bf6 18.
Rad1 Rad8 19. Rxd8 Rxd8 20. Re1 h5 21. Qg3 Re8 22.
Rd1 h4 23. Qg4 b4 24. Nb1 h3 25. Qxh3 Re2 26. Rg1 Bd4 27. Qg4 Rxc2 28. f6 Qxf6 29. Nd2 Bxg1 30. Kxg1 Qd4+ 0-1

[Event "Late-Titled-Tuesday-Blitz-February-06-2024"]
[Site "Chess.com"]
[Date "2024.02.06"]
[Round "3"]
[White "jens1102"]
[Black "MolecularChemist"]
[Result "0-1"]
[WhiteElo "2618"]
[BlackElo "2953"]
[TimeControl "180+1"]
[EndTime "14:28:57 PST"]
[Termination "MolecularChemist won by checkmate"]

1. d4 Nf6 2. c4 b6 3. Nf3 Bb7 4. Nc3 e6 5. a3 Be7 6. Bf4 O-O 7. e3 d5 8. Bd3 c5 9. O-O cxd4 10.
Nxd4 Nc6 11. Ndb5 Rc8 12. Qe2 a6 13. cxd5 exd5 14. Nd4 Nxd4 15. exd4 b5 16. Bf5 Rc4 17. Be5 Nd7 18. Rad1 Nxe5 19. dxe5 g6 20. Bd3 Rc7 21. e6 Bd6 22. Rfe1 Qf6 23. exf7+ Rcxf7 24. Rd2 Qg5 25. f3 Qh4 26. g3 Bxg3 27. hxg3 Qxg3+ 28. Kh1 Rxf3 29. Rg1 Qh4+ 30. Qh2 Rh3 31. Bxg6 hxg6 32. Rxg6+ Kh7 33. Rg1 d4+ 34. Ne4 Bxe4+ 35. Rdg2 Rxh2# 0-1

[Event "Late-Titled-Tuesday-Blitz-February-06-2024"]
[Site "Chess.com"]
[Date "2024.02.06"]
[Round "3"]
[White "OparinGrigoriy"]
[Black "komogro"]
[Result "1-0"]
[WhiteElo "2989"]
[BlackElo "2519"]
[TimeControl "180+1"]
[EndTime "14:28:58 PST"]
[Termination "OparinGrigoriy won on time"]

1. a3 e5 2. c4 Nf6 3. Nc3 d5 4.
cxd5 Nxd5 5. e3 Be7 6. Nf3 Nxc3 7. bxc3 Nd7 8. d4 Bd6 9. Bd3 O-O 10. O-O c6 11. e4 Qe7 12. Re1 f6 13. a4 a5 14. Rb1 Kh8 15. Nh4 g6 16. Bh6 Re8 17. Qf3 Nf8 18. Bc2 Ne6 19. Rbd1 b5 20. Bb3 exd4 21.
cxd4 Bb4 22. Re3 Bb7 23. d5 Nc5 24. Bc2 Qf7 25. e5 cxd5 26. exf6 Rxe3 27. Bg7+ Kg8 28. Qxe3 Re8 29. Qh6 Ne4 30. h3 Rc8 31. Bxe4 dxe4 32.
axb5 a4 33. Qe3 a3 34. Nxg6 Qxg6 35. Qb3+ Qf7 36. Qxb4 a2 37. Qb2 Bd5 38. b6 Rb8 39.
Bh6 Qg6 40. Be3 Kf7 41. Rxd5 Qxf6 42. Rd7+ 1-0

[Event "Late-Titled-Tuesday-Blitz-February-06-2024"]
[Site "Chess.com"]
[Date "2024.02.06"]
[Round "3"]
[White "Attacker_2006"]
[Black "yaguigor"]
[Result "0-1"]
[WhiteElo "2489"]
[BlackElo "2722"]
[TimeControl "180+1"]
[EndTime "14:28:58 PST"]
[Termination "yaguigor won on time"]

1. e4 c5 2. Nc3 Nc6 3. g3 g6 4. Bg2 Bg7 5. d3 d6 6. Be3 e5 7. Qd2 h6 8. Nge2 Nd4 9. O-O Bh3 10. Nd1 Ne7 11. c3 Bxg2 12. Kxg2 Qd7 13. f4 Nxe2 14. Qxe2 exf4 15. Bxf4 O-O 16. Qd2 Kh7 17. Be3 Rae8 18. Nf2 b6 19. Nh3 d5 20. Rad1 dxe4 21. dxe4 Qc6 22. Nf2 Nf5 23. Kg1 Nxe3 24. Qxe3 f5 25. Qd2 fxe4 26. Qd7 Qa8 27. Rfe1 e3 28. Ng4 Qf3 29.
Rf1 Rd8 30. Qxd8 Rxd8 31. Rxf3 Rxd1+ 32. Kg2 e2 0-1

[Event "Late-Titled-Tuesday-Blitz-February-06-2024"]
[Site "Chess.com"]
[Date "2024.02.06"]
[Round "3"]
[White "Chess2Hawks"]
[Black "guillembaches"]
[Result "0-1"]
[WhiteElo "2232"]
[BlackElo "2552"]
[TimeControl "180+1"]
[EndTime "14:29:00 PST"]
[Termination "guillembaches won on time"]

1. d4 d5 2. Nf3 e6 3. c4 a6 4. cxd5 exd5 5. Nc3 Nf6 6. Bg5 Be6 7. e3 Nbd7 8. Bd3 Bd6 9. O-O c6 10. Rc1 Qc7 11. h3 h6 12. Bxf6 Nxf6 13. a3 O-O 14. b4 Rfe8 15. Na4 Qe7 16. Nc5 Bc8 17. Qc2 Ne4 18.
Bxe4 dxe4 19. Nd2 f5 20. Rfd1 Qf7 21. Nf1 Bb8 22. Qc4 Qxc4 23. Rxc4 Kf7 24. Rdc1 Bd6 25.
g3 g5 26. Kg2 f4 27. R4c2 Re7 28. Nh2 f3+ 29. Kg1 Bxh3 30. Nxb7 Rxb7 31. Rxc6 Rd7 32.
Rb6 Be6 33. Rcc6 Ke7 34. Rxa6 Rxa6 35. Rxa6 Rc7 36. Nf1 Rc1 0-1